 Dungeon Crawl Stone Soup version 0.23.1 (webtiles) character file.

Game seed: 10243411664008188345

277 Borgoz the Sneak (level 6, -9/47 (48) HPs)
             Began as a Ghoul Enchanter on Mar 3, 2019.
             Killed by divine providence
             ... invoked by an orc priest
              (15 damage)
             ... on level 4 of the Dungeon.
             The game lasted 00:07:54 (3382 turns).

Borgoz the Sneak (Ghoul Enchanter)                  Turns: 3382, Time: 00:07:55

HP:   -9/47 (48)    AC:  4    Str: 12    XL:     6   Next: 26%
MP:   8/8           EV: 13    Int: 10    God:
Gold: 208           SH:  0    Dex: 15    Spells: 8/9 levels left

rFire    . . .     SeeInvis .   o - +0 short sword
rCold    + . .     Gourm    .   (no shield)
rNeg     + + +     Faith    .   f - +0 leather armour
rPois    ∞         Spirit   .   (no helmet)
rElec    .         Reflect  .   (no cloak)
rCorr    .         Harm     .   m - +0 pair of gloves
MR       +....                  (no boots)
Stlth    ++........             (no amulet)
HPRegen  0.00/turn              g - ring of protection from magic
MPRegen  0.11/turn              c - +4 ring of dexterity

@: rotting
A: rotting body, claws 1, carnivore, cold resistance 1, negative energy
resistance 3, inhibited regeneration, torment resistance, unbreathing
a: no special abilities


You were on level 4 of the Dungeon.
You were not hungry.

You visited 1 branch of the dungeon, and saw 5 of its levels.

You collected 208 gold pieces.

Inventory:

Hand Weapons
 o - a +0 short sword (weapon)
Armour
 f - a +0 leather armour (worn)
 m - a +0 pair of gloves (worn)
Jewellery
 c - a +4 ring of dexterity (right hand)
 g - a ring of protection from magic (left hand)
Wands
 l - a wand of flame (22)
Scrolls
 b - 3 scrolls of teleportation
 e - 3 scrolls of fog {unknown}
 j - a scroll of enchant armour {unknown}
 k - a scroll of random uselessness {unknown}
 n - 2 scrolls of enchant weapon {unknown}
Potions
 a - a potion of brilliance
 h - 3 potions of curing
 i - a potion of might
 p - 2 potions of heal wounds
 q - 2 potions of flight
 r - 2 potions of haste
Comestibles
 d - 5 rations


   Skills:
 + Level 1.8 Fighting
 * Level 2.5 Short Blades
 + Level 1.7 Armour
 * Level 3.1 Dodging
 + Level 4.0 Stealth
 + Level 2.3 Spellcasting
 + Level 2.9 Hexes


You had 8 spell levels left.
You knew the following spells:

 Your Spells              Type           Power        Failure   Level  Hunger
a - Corona                Hex            #......      12%         1    ##.....

Your spell library contained the following spells:

 Spells                   Type           Power        Failure   Level  Hunger
 Ensorcelled Hibernation  Hex/Ice        #.....       32%         2    ###....
 Confuse                  Hex            #.......     34%         3    ####...
 Tukima's Dance           Hex            #.......     34%         3    ####...
 Dazzling Spray           Conj/Hex       #.....       54%         3    ####...


Dungeon Overview and Level Annotations

Branches:
Dungeon (5/15)
 Temple: D:4-7

Altars:
Makhleb
Okawaru
Trog
Uskayaw
Yredelemnul


Innate Abilities, Weirdness & Mutations

Your body is rotting away.
You thrive on raw meat.
You are immune to poison.
You have sharp fingernails.
You are carnivorous and can eat meat at any time.
Your flesh is cold resistant. (rC+)
You are immune to negative energy. (rN+++)
You do not regenerate when monsters are visible.
You are immune to unholy pain and torment.
You can survive without breathing.


Message History

There is a stone staircase leading down here.
You hit the orc priest.
The orc priest is lightly wounded.
The orc priest misses you.
You hit the orc priest.
The orc priest is moderately wounded.
The orc priest hits you with a +0 dagger.
You hit the orc priest.
The orc priest is heavily wounded.
The orc priest hits you but does no damage.
You closely miss the orc priest.
The orc priest is heavily wounded.
The orc priest calls down the wrath of Beogh upon you.
Beogh smites you!
* * * LOW HITPOINT WARNING * * *
You hit the orc priest.
The orc priest is almost dead.
The orc priest calls down the wrath of Beogh upon you.
Beogh smites you!
You die...

.##..###...#######
......###........#
...##)# #........#
#####.###........#
#............#
#####........#
#........#
#........#
#.......@#
#......o.#
#........#
##########


You could see an orc priest.

Vanquished Creatures
  A hound (D:4)
  A centaur skeleton (D:4)
  A bullfrog skeleton (D:4)
  2 worker ants (D:4)
  A hound skeleton (D:4)
  4 adders
  2 oozes
  A worm (D:2)
  2 dart slugs (D:1)
  4 leopard geckos
  3 orcs
  6 giant cockroaches
  7 goblins
  10 hobgoblins
  3 jackals (D:2)
  8 kobolds
  2 quokkas
  A ball python (D:2)
  10 bats
  5 frilled lizards
  3 rats
77 creatures vanquished.

Notes
Turn   | Place    | Note
-------+----------+-------------------------------------------
     0 | D:1      | Borgoz the Ghoul Enchanter began the quest for the Orb.
     0 | D:1      | Reached XP level 1. HP: 14/14 MP: 2/2
    13 | D:1      | Reached skill level 1 in Short Blades
   118 | D:1      | Reached XP level 2. HP: 14/22 MP: 3/3
   685 | D:1      | Reached XP level 3. HP: 25/27 MP: 4/4
  1375 | D:2      | Found a basalt altar of Yredelemnul.
  1381 | D:2      | Found a bloodstained altar of Trog.
  1382 | D:2      | Found a burning altar of Makhleb.
  1414 | D:2      | Reached skill level 1 in Fighting
  1448 | D:2      | Reached skill level 1 in Armour
  1476 | D:2      | Reached XP level 4. HP: 20/35 MP: 6/6
  1800 | D:3      | Found an iron altar of Okawaru.
  1973 | D:3      | Found a hide-covered altar of Uskayaw.
  2419 | D:4      | Reached XP level 5. HP: 25/40 MP: 7/7
  3024 | D:4      | Reached XP level 6. HP: 48/48 MP: 8/8
  3221 | D:4      | Reached skill level 4 in Stealth
  3360 | D:5      | Entered Level 5 of the Dungeon
  3382 | D:4      | Killed from afar by an orc priest

Skill      XL: |  1  2  3  4  5  6 |
---------------+-------------------+-----
Short Blades   | 1 2 |  2.5
Dodging        | 2 3 |  3.1
Spellcasting   | 2 |  2.3
Fighting       | 1 |  1.8
Armour         | 1 |  1.7
Stealth        | 4 |  4.0
Hexes          | |  2.9

Action                   |  1- 3 |  4- 6 || total
-------------------------+-------+-------++-------
Melee: Dagger            |   187 |    86 ||   273
       Short sword       |       |   155 ||   155
  Use: Scroll            |     3 |     8 ||    11
 Stab: Sleeping          |     7 |     7 ||    14
       Distracted        |       |     1 ||     1
  Eat: Chunk             |    20 |    16 ||    36
Armor: Robe              |     4 |       ||     4
       Leather armour    |    43 |    61 ||   104
Dodge: Dodged            |   101 |   191 ||   292
